 Dungeon Crawl Stone Soup version 0.28.0-53-g5a82cb258f (webtiles) character file.

Game seed: 6070531019643309169

58 safid the Skirmisher (level 4, -2/40 HPs)
             Began as a Hill Orc Fighter on Aug 5, 2022.
             Was an Initiate of Beogh.
             Killed by divine providence
             ... invoked by an orc priest
              (10 damage)
             ... on level 4 of the Dungeon.
             The game lasted 00:02:30 (1689 turns).

safid the Skirmisher (Hill Orc Fighter)             Turns: 1689, Time: 00:02:31

Health: -2/40      AC:  8    Str: 20    XL:     4   Next: 1%
Magic:  4/4        EV:  9    Int:  8    God:    Beogh [......]
Gold:   44         SH:  4    Dex: 10    Spells: 3/3 levels left

rFire   . . .      SeeInvis .   a - +0 war axe
rCold   . . .      Faith    .   c - +0 buckler
rNeg    . . .      Spirit   .   b - +0 scale mail
rPois   .          Reflect  .   (no helmet)
rElec   .          Harm     .   k - +0 cloak
rCorr   .          Rampage  .   (no gloves)
Will    .....                   (no boots)
Stlth   ..........              (no amulet)
HPRegen 0.13/turn               (no ring)
MPRegen 0.09/turn               (no ring)

@: mighty, lethally poisoned (-2 -> -12)
A: no striking features
a: Renounce Religion


You were on level 4 of the Dungeon.
You worshipped Beogh.
Beogh was noncommittal.
You visited 1 branch of the dungeon, and saw 3 of its levels.

You collected 44 gold pieces.

Inventory:

Hand Weapons
 a - a +0 war axe (weapon)
Missiles
 j - 2 poisoned darts (quivered)
Armour
 b - a +0 scale mail (worn)
 c - a +0 buckler (worn)
 k - a +0 cloak (worn)
Scrolls
 g - 2 scrolls of teleportation {unknown}
 h - 3 scrolls of identify {unknown}
 i - a scroll of fog {unknown}
Potions
 e - a potion of mutation {unknown}
 f - 2 potions of invisibility {unknown}


   Skills:
 - Level 4.0 Fighting
 + Level 3.7 Axes
 + Level 3.9 Armour
 + Level 3.9 Shields


You had 3 spell levels left.
You didn't know any spells.
Your spell library was empty.

Dungeon Overview and Level Annotations

Branches:
Dungeon (2/15)

Altars:

Annotations:
D:4 Dowan


Message History

The orc shouts!
Dowan gestures at you while chanting. The puff of frost hits you.
The orc hits the orc wizard with a +0 mace.
The orc hits the orc with a +0 mace.
An orc comes into view. It is wielding a +0 flail.
Something closely misses the orc.
The orc wizard hits the orc with a +0 dagger.
The orc shouts!
The orc hits the orc with a +0 whip.
Dowan hits you with a +1 dagger of venom.
You are poisoned.
The orc misses the orc.
The orc closely misses the orc.
Something barely misses the orc.
The orc wizard hits something with a +0 dagger.
Unknown command.
You closely miss Dowan.
You feel very sick.
The orc hits the orc with a +0 whip.
Dowan hits you but does no damage.
You are lethally poisoned!
The orc priest casts a cantrip, but nothing happens.
The orc misses the orc.
The orc barely misses the orc.
Something closely misses the orc.
The orc hits the orc with a +0 whip.
The orc dies!
You block Dowan's attack.
The orc barely misses something.
Something barely misses the orc.
You hit Dowan but do no damage.
* * * LOW HITPOINT WARNING * * *
You feel very sick.
The orc closely misses the orc.
You block Dowan's attack.
Unknown command.
You feel very mighty all of a sudden.
* * * LOW HITPOINT WARNING * * *
You feel very sick.
An orc comes into view. It is wielding a +0 whip.
Dowan closely misses you.
The orc priest invokes the aid of Beogh against you.
Beogh smites you!
You die...
Beogh appreciates the orc priest's killing of a heretic priest.

######### ###
##.(.....###########.)..
.'.......'.........ooo.
##.......#####.....#o
######### #..@e.#
...............#
.######....###.# .......
##o####.# #.. ..# #.# .#
#o# #


You could see Dowan, an orc priest, an orc (wandering), a neutral orc priest
(wandering) and 2 neutral orcs.

Vanquished Creatures
  3 dart slugs
  3 ball pythons
  3 endoplasms
  2 giant cockroaches (D:2)
  3 goblins
  3 hobgoblins
  10 jackals
  5 quokkas (D:1)
  4 frilled lizards
  8 kobolds
  3 rats
47 creatures vanquished.

Vanquished Creatures (others)
  2 orcs (D:4)
2 creatures vanquished.

Grand Total: 49 creatures vanquished

Notes
Turn   | Place    | Note
-------+----------+-------------------------------------------
     0 | D:1      | safid the Hill Orc Fighter began the quest for the Orb.
     0 | D:1      | Reached XP level 1. HP: 19/19 MP: 1/1
   190 | D:1      | Reached XP level 2. HP: 22/27 MP: 2/2
   706 | D:1      | Reached skill level 4 in Fighting
   763 | D:1      | Reached XP level 3. HP: 33/33 MP: 3/3
  1601 | D:2      | Reached XP level 4. HP: 40/40 MP: 4/4
  1644 | D:2      | You fall into a shaft and drop 2 floors!
  1680 | D:4      | Noticed Dowan
  1681 | D:4      | Became a worshipper of Beogh the Brigand
  1689 | D:4      | Killed from afar by an orc priest

Illustrated notes

Levels and vault maps discovered:
D:1:      saegor_arrival_simple_c, layout_loops_ring
D:2:      layout_loops_ring
D:4:      layout_basic, amethyst_killhole, eino_small_chamber_without_monster,
          grunt_decor_clamped, uniq_duvessa, uniq_ijyb

Skill      XL: |  1  2 |
---------------+-------+-----
Axes           | 3 |  3.7
Fighting       | 4 |  4.0
Armour         | |  3.9
Shields        | |  3.9

Action                   |  1- 3 |  4- 6 || total
-------------------------+-------+-------++-------
Melee: War axe           |   123 |     4 ||   127
Invok: Convert to Beogh  |       |     1 ||     1
  Use: Potion            |       |     1 ||     1
Armor: Scale mail        |    55 |     2 ||    57
Dodge: Dodged            |    47 |     5 ||    52
Block: Buckler           |    23 |     2 ||    25
